 Dungeon Crawl Stone Soup version 0.18.1-1-g2f07953 (webtiles) character file.

10094 lightmor the Severer (level 11, -3/141 HPs)
             Began as a Minotaur Berserker on May 7, 2016.
             Was a High Priest of Trog.
             Slain by an orc warrior
             ... wielding a +0 trident
              (19 damage)
             ... on level 10 of the Dungeon.
             The game lasted 00:21:42 (9401 turns).

lightmor the Severer (Minotaur Berserker)           Turns: 9401, Time: 00:21:42

Health: -3/141     AC: 10    Str: 30    XL:     11   Next: 31%
Magic:  3/3        EV: 14    Int:  4    God:    Trog [*****.]
Gold:   232        SH:  0    Dex: 10    Spells: 0 memorised, 10 levels left

rFire  . . .     SeeInvis .     F - +4 broad axe (antimagic)
rCold  + . .     Gourm    .     j - +2 robe {rC+}
rNeg   . . .     Faith    +     (no shield)
rPois  .         Spirit   .     q - +0 hat
rElec  .         Dismiss  .     (no cloak)
rCorr  .         Reflect  .     u - +2 pair of gloves
SustAt .         Harm     .     d - +2 pair of boots
MR     .....                    B - amulet of faith
Stlth  ..........               (no ring)
                                (no ring)

@: berserking (expiring), very quick, not resistant to hostile enchantments,
extremely unstealthy
A: retaliatory headbutt, horns 2
a: Berserk, Trog's Hand, Brothers in Arms, Burn Spellbooks, Renounce Religion


You were on level 10 of the Dungeon.
You worshipped Trog.
Trog was extremely pleased with you.
You were hungry.

You visited 1 branch of the dungeon, and saw 10 of its levels.
You also visited: Ossuary.

You collected 567 gold pieces.
You spent 335 gold pieces at shops.

Inventory:

Hand Weapons
 a - a +1 battleaxe
 F - a +4 antimagic broad axe (weapon)
Missiles
 i - 54 poisoned needles
Armour
 d - a +2 pair of boots (worn)
 j - a +2 robe of cold resistance (worn)
 q - a +0 hat (worn)
 u - a +2 pair of gloves (worn)
Rods
 b - a +0 rod of shadows (14/14)
   (You found it on level 3 of the Dungeon)
Jewellery
 B - an amulet of faith (around neck)
Wands
 l - a wand of hasting (5/9)
 t - a wand of iceblast (11/15)
 v - a wand of confusion (48/48)
Scrolls
 f - a scroll of enchant weapon
 p - a scroll of enchant armour
 y - a scroll of recharging
 A - a scroll of teleportation {unknown}
 E - 2 scrolls of silence {unknown}
 G - a scroll of fear {unknown}
Potions
 e - 3 potions of brilliance
 g - a potion of invisibility
 h - a potion of lignification
 k - 6 potions of curing
 m - 2 potions of heal wounds
 n - 4 potions of flight
 s - a potion of agility
 x - a potion of mutation
 z - a potion of haste
Comestibles
 c - 5 bread rations
 o - 5 meat rations
 r - 4 fruits
 w - 2 chunks of flesh
 C - a beef jerky
 D - 7 royal jellies


   Skills:
 + Level 7.8 Fighting
 * Level 17.5 Axes
 - Level 3.7 Armour
 + Level 7.0 Dodging


You had 10 spell levels left.
You didn't know any spells.

Dungeon Overview and Level Annotations

Branches:
Dungeon (10/15)            Temple (0/1) D:6            Lair (0/8) D:9
    Orc (0/2) D:10

Altars:
Cheibriados
Dithmenos
Fedhas
Gozag
Kikubaaqudgha
Makhleb
Nemelex Xobeh
Pakellas
Ru
Sif Muna
Xom
Yredelemnul
Zin
The Shining One
Beogh

Shops:
D:4 *   D:8 [![[!   D:9 =


Innate Abilities, Weirdness & Mutations

You reflexively headbutt those who attack you in melee.
You have a pair of horns on your head.


Message History

You kill the orc!
Trog accepts your kill.
You hit the orc.
The orc is moderately wounded.
You slash the orc warrior!
The orc warrior is heavily wounded.
You slash the orc!
You kill the orc!
Trog accepts your kill.
The orc hits you from afar with a trident.
* * * LOW HITPOINT WARNING * * *
You closely miss the orc warrior.
The orc warrior is heavily wounded.
You slice the orc!!
You kill the orc!
Trog accepts your kill.
The orc hits you from afar with a trident.
* * * LOW HITPOINT WARNING * * *
The orc warrior hits you from afar with a trident!!
You die...

#..... #..... #.....
#..... #############
#.....
.........$..######.....
.......))..............
'8#####8)8#########.....
....8oo@)o.# #.....
.....oo))..# #.....
.⌠.._..⌠oo%# #.....
...........# #.....
....>....!.# #.....
############ #.....
#..... #..... #.....


You could see 2 orc warriors, an orc priest and 4 orcs.

Vanquished Creatures
  Maud (D:10)
  A hill giant (D:10)
  The ghost of epen the Schismatic, a novice DsAK of Lugonu (D:7)
  A spiny frog (D:9)
  2 komodo dragons (D:9)
  A queen bee (D:9)
  A two-headed ogre (D:9)
  A wyvern (D:10)
  7 yaks
  A hippogriff (D:8)
  Eustachio (D:4)
  2 water moccasins
  An ice beast (D:8)
  4 orc warriors
  A phantom (D:9)
  2 black bears
  3 sky beasts
  6 ogres
  4 centaurs
  2 crocodiles (D:9)
  4 giant frogs
  2 wyvern skeletons
  2 scorpions
  14 killer bees (D:9)
  A howler monkey (D:5)
  4 crimson imps
  A giant frog zombie (D:10)
  2 quasits
  A wasp zombie (D:9)
  4 human zombies (Ossuary)
  A gnoll shaman (D:4)
  4 orc priests
  A giant frog skeleton (D:9)
  6 hounds
  5 orc wizards
  2 centaur skeletons
  3 iguanas (D:9)
  Natasha (thrice) (D:3)
  9 worker ants
  A big kobold zombie (Ossuary)
  4 hound zombies
  5 hound skeletons
  3 mummies (Ossuary)
  2 howler monkey zombies (D:6)
  3 worker ant zombies
  11 gnolls
  9 adders
  A shadow imp (D:5)
  An ooze (D:1)
  An adder skeleton (D:7)
  3 adder zombies (Ossuary)
  4 worms
  3 dart slugs
  A giant gecko (D:5)
  36 orcs
  5 bats
  7 giant cockroaches
  2 gnoll zombies (Ossuary)
  8 goblins
  8 hobgoblins
  11 jackals
  6 quokkas
  A giant gecko skeleton (D:6)
  6 goblin zombies
  6 hobgoblin zombies (Ossuary)
  2 jackal zombies (Ossuary)
  5 kobolds
  5 kobold zombies (Ossuary)
  An orc zombie (Ossuary)
  2 quokka zombies (Ossuary)
  7 rats
  3 rat zombies (Ossuary)
285 creatures vanquished.

Vanquished Creatures (others)
  A human simulacrum (D:10)
  An orc (D:8)
2 creatures vanquished.

Grand Total: 287 creatures vanquished

Notes
Turn   | Place    | Note
--------------------------------------------------------------
     0 | D:1      | lightmor the Minotaur Berserker began the quest for the Orb.
     0 | D:1      | Reached XP level 1. HP: 19/19 MP: 0/0
     0 | D:1      | Noticed a troll
     0 | D:1      | Noticed an elf
     0 | D:1      | Noticed a naga
     2 | D:1      | Noticed a ghoul
     2 | D:1      | Noticed a gargoyle
     4 | D:1      | Noticed a felid
     5 | D:1      | Noticed an ogre
     6 | D:1      | Noticed a draconian
    10 | D:1      | Noticed an octopode
    12 | D:1      | Noticed an ogre
    14 | D:1      | Noticed a felid
    14 | D:1      | Noticed a formicid
    14 | D:1      | Noticed a ghoul
    16 | D:1      | Noticed an octopode
    20 | D:1      | Noticed a centaur
   315 | D:1      | Reached skill level 4 in Axes
   327 | D:1      | Reached XP level 2. HP: 24/26 MP: 1/1
  1001 | D:2      | Reached skill level 5 in Axes
  1001 | D:2      | Reached XP level 3. HP: 31/31 MP: 2/2
  1078 | D:2      | Reached ** piety under Trog
  1141 | D:2      | Found an opulent altar of Gozag.
  1270 | D:2      | Found a sacrificial altar of Ru.
  1678 | D:2      | Reached skill level 6 in Axes
  1678 | D:2      | Reached XP level 4. HP: 39/39 MP: 3/3
  1905 | D:3      | Reached XP level 5. HP: 45/45 MP: 4/4
  1961 | D:3      | Reached skill level 7 in Axes
  1994 | D:3      | Found a faded altar to an unknown god.
  1995 | D:3      | Noticed Natasha
  2000 | D:3      | Killed Natasha
  2014 | D:3      | Noticed Natasha
  2027 | D:3      | Killed Natasha
  2203 | D:3      | Reached *** piety under Trog
  2282 | D:3      | Identified a +0 rod of shadows (14/14) (You found it on level 3 of the Dungeon)
  2391 | D:3      | Found a shimmering altar of Xom.
  2392 | D:3      | Found a shimmering altar of Xom.
  2392 | D:3      | Found a shimmering altar of Xom.
  2393 | D:3      | Found a shimmering altar of Xom.
  2650 | D:3      | Noticed Natasha
  2657 | D:3      | Killed Natasha
  2657 | D:3      | Reached skill level 8 in Axes
  2752 | D:4      | Reached XP level 6. HP: 51/51 MP: 5/5
  2942 | D:4      | Found a blossoming altar of Fedhas.
  2942 | D:4      | Found an ancient bone altar of Kikubaaqudgha.
  3064 | D:4      | Found Wioce's General Store.
  3067 | D:4      | Bought a potion of curing for 30 gold pieces
  3067 | D:4      | Bought a scroll of identify for 20 gold pieces
  3067 | D:4      | Bought a potion of curing for 30 gold pieces
  3079 | D:4      | Reached skill level 9 in Axes
  3351 | D:4      | Noticed Eustachio
  3471 | D:4      | Killed Eustachio
  3471 | D:4      | Reached XP level 7. HP: 47/57 MP: 6/6
  3583 | D:4      | Found a deep blue altar of Sif Muna.
  3632 | D:5      | Entered Level 5 of the Dungeon
  3638 | D:5      | Reached skill level 10 in Axes
  3653 | D:5      | Reached **** piety under Trog
  3836 | D:5      | Found a sparkling altar of Nemelex Xobeh.
  4026 | D:5      | Reached skill level 11 in Axes
  4465 | D:5      | Reached XP level 8. HP: 21/64 MP: 7/7
  5011 | D:5      | Reached skill level 12 in Axes
  5283 | D:6      | Found a staircase to the Ecumenical Temple.
  5458 | D:6      | Reached skill level 13 in Axes
  5832 | D:6      | Found a glowing golden altar of the Shining One.
  6022 | D:6      | Reached ***** piety under Trog
  6198 | D:6      | Found a snail-covered altar of Cheibriados.
  6199 | D:6      | Found a basalt altar of Yredelemnul.
  6199 | D:6      | Found a glowing silver altar of Zin.
  6201 | D:6      | Found an oddly glowing altar of Pakellas.
  6387 | D:7      | Found a shadowy altar of Dithmenos.
  6451 | D:7      | Reached XP level 9. HP: 66/70 MP: 8/8
  6498 | D:7      | Found a sand-covered staircase.
  6505 | Ossuary  | Entered an ossuary
  6586 | Ossuary  | Reached skill level 14 in Axes
  7163 | D:7      | Noticed epen's ghost (novice DsAK)
  7172 | D:7      | Killed epen's ghost
  7172 | D:7      | Reached skill level 15 in Axes
  7313 | D:8      | Found Muebae Jejo's Distillery.
  7359 | D:8      | Found Qieb's Antique Armour Boutique.
  7362 | D:8      | Bought a hat for 120 gold pieces
  7362 | D:8      | Bought a pair of glowing gloves for 135 gold pieces
  7427 | D:8      | Found Geylouq's Distillery.
  7444 | D:8      | Found Owotokhlo's Armour Shop.
  7475 | D:8      | Found Ibbisuywk's Antique Armour Emporium.
  7721 | D:9      | Noticed a komodo dragon
  7722 | D:9      | Noticed a komodo dragon
  7728 | D:9      | Killed a komodo dragon
  7728 | D:9      | Received a gift from Trog
  7728 | D:9      | Reached XP level 10. HP: 80/80 MP: 9/9
  7732 | D:9      | Noticed a spiny frog
  7732 | D:9      | Reached skill level 5 in Fighting
  7739 | D:9      | Killed a spiny frog
  7739 | D:9      | Reached skill level 16 in Axes
  7872 | D:9      | Found a staircase to the Lair.
  7891 | D:9      | Found Doheadastra's Jewellery Boutique.
  8071 | D:9      | Reached skill level 5 in Dodging
  8733 | D:9      | Found a burning altar of Makhleb.
  8766 | D:9      | Reached skill level 17 in Axes
  8993 | D:10     | Entered Level 10 of the Dungeon
  9034 | D:10     | Noticed a hill giant
  9038 | D:10     | Reached XP level 11. HP: 81/92 MP: 10/10
  9043 | D:10     | Killed a hill giant
  9270 | D:10     | Received a gift from Trog
  9375 | D:10     | Found a roughly hewn altar of Beogh.
  9375 | D:10     | Found a staircase to the Orcish Mines.
  9375 | D:10     | Noticed Maud
  9394 | D:10     | Killed Maud
  9401 | D:10     | Slain by an orc warrior

Skill      XL: |  1  2  3  4  5  6  7  8  9 10 11 |
---------------+----------------------------------+-----
Axes           | 4 5 6 8 9 11 13 15 17 | 17.5
Fighting       | 4 7 |  7.8
Armour         | 3 |  3.7
Dodging        | 3 6 7 |  7.0

Action                   |  1- 3 |  4- 6 |  7- 9 | 10-12 || total
-------------------------+-------+-------+-------+-------++-------
Melee: Hand axe          |    89 |   115 |       |       ||   204
       Headbutt          |     9 |    29 |    65 |    27 ||   130
       Battleaxe         |       |    10 |   325 |   136 ||   471
       Broad axe         |       |       |       |    21 ||    21
Invok: Berserk           |     1 |     1 |     3 |     3 ||     8
       Burn Spellbooks   |       |       |     2 |       ||     2
Evoke: Rod               |       |       |     2 |       ||     2
  Use: Scroll            |       |     3 |    16 |     3 ||    22
       Potion            |       |       |       |     1 ||     1
  Eat: Chunk             |     3 |     7 |    15 |     7 ||    32
       Pizza             |       |       |     1 |     1 ||     2
Armor: Animal skin       |    13 |       |       |       ||    13
       Robe              |    17 |    23 |   123 |    42 ||   205
Dodge: Dodged            |    49 |    66 |   173 |   120 ||   408
